 Dungeon Crawl Stone Soup version 0.16.1-30-g34a7ffa (webtiles) character file.

6781 Gulcasa the Grappler (level 10, -5/159 HPs)
             Began as a Troll Berserker on June 24, 2015.
             Was a High Priest of Trog.
             Killed from afar by a wretched star (20 damage)
             ... with an orb of energy
             ... on level 1 of the Abyss.
             The game lasted 01:21:31 (8199 turns).

Gulcasa the Grappler (Troll Berserker)              Turns: 8199, Time: 01:21:31

Health: -5/159     AC:  6    Str: 31    XL:     10   Next: 76%
Magic:  4/4        EV: 10    Int:  3    God:    Trog [*****.]
Gold:   592        SH:  0    Dex:  9    Spells: 0 memorised, 9 levels left

rFire  . . .     SeeInvis .       - Unarmed
rCold  . . .     Clarity  .     b - +0 animal skin
rNeg   + . .     SustAb   .     (shield restricted)
rPois  .         Gourm    +     (helmet restricted)
rElec  .         Spirit   .     D - +1 cloak
rCorr  .         Warding  .     (gloves unavailable)
rMut   .         Stasis   .     (boots unavailable)
MR     ++...                    C - amulet of faith
Stlth  ..........               F - ring of positive energy
                                I - ring of stealth

@: berserking, very slightly contaminated, regenerating, very quick, very
resistant to hostile enchantments, extremely unstealthy
A: unfitting armour, claws 3, deformed body, fast metabolism 3, gourmand,
regeneration 2, screaming 1, shaggy fur 1, tough skin 2, weak 2, no device heal
2
a: Burn Spellbooks, Berserk, Trog's Hand, Brothers in Arms, Renounce Religion


You were on level 1 of the Abyss.
You worshipped Trog.
Trog was extremely pleased with you.
You were not hungry.

You visited 1 branch of the dungeon, and saw 11 of its levels.
You visited the Abyss 1 time.

You collected 592 gold pieces.

Inventory:

Hand weapons
 K - a +5 greatsling of flaming
Missiles
 s - 16 bolts
Armour
 b - a +0 animal skin (worn)
 D - a +1 cloak (worn)
Jewellery
 C - an amulet of faith (around neck)
 F - a ring of positive energy (right claw)
 I - a ring of stealth (left claw)
Magical devices
 i - a wand of frost (16)
 r - a wand of frost (21)
 u - a wand of fire (8)
 v - a wand of digging (16)
 y - a wand of flame (0)
 G - a wand of enslavement (12)
 H - a wand of hasting (7)
Scrolls
 g - 2 scrolls of magic mapping
 j - 2 scrolls of enchant weapon
 z - a scroll of fear
 A - 2 scrolls of teleportation
 B - a scroll of remove curse
Potions
 c - 2 potions of flight
 d - a potion of curing
 h - a potion of lignification
 k - 4 potions of agility
 m - 2 potions of resistance
 n - 3 potions of haste
 o - a potion of poison {unknown}
 p - a potion of magic {unknown}
 x - a potion of berserk rage {unknown}
 J - a potion of cancellation {unknown}
Comestibles
 a - 7 meat rations
 f - 4 bread rations
 l - 7 slices of pizza
 q - 9 fruits
 t - 3 royal jellies


   Skills:
 + Level 8.4 Fighting
 - Level 1.5 Armour
 + Level 1.7 Dodging
 * Level 13.4 Unarmed Combat


You had 9 spell levels left.
You didn't know any spells.

Dungeon Overview and Level Annotations

Branches:
Dungeon (11/15)            Temple (0/1) D:5            Lair (0/8) D:10
    Orc (0/4) D:10

Altars:
Ashenzari
Cheibriados
Elyvilon
Fedhas
Gozag
Kikubaaqudgha
Makhleb
Qazlal
Ru
Trog
Vehumet
Xom
Yredelemnul

Annotations:
D:10 Orcish mines & Lair
D:11 Sonja


Innate Abilities, Weirdness & Mutations

You are too large for most types of armour.
You have claws for hands.
Your metabolism is lightning-fast.
You like to eat raw meat.
You heal very quickly.
You are covered in fur (AC +1).
You have very tough skin (AC +2).
[Armour fits poorly on your strangely shaped body.]
[You occasionally shout uncontrollably at your foes.]
[You are very weak. (Str -4)]
[Potions and wands are poor at restoring your health.]


Message History

Your system mostly rejects artificial healing.
Use which ability? (? or * to list)
A red film seems to cover your vision as you go berserk!
You feel yourself moving faster!
You feel mighty!
You feel somewhat more hungry.
The wretched star glows turbulently.
The orb of energy misses you.
The orb of energy explodes!
You mangle the wretched star!!
The wretched star is moderately damaged.
The wretched star glows turbulently.
The orb of energy hits you!
* * * LOW HITPOINT WARNING * * *
The orb of energy explodes!
You scratch the wretched star.
The wretched star is moderately damaged.
You mangle the wretched star!!
The wretched star is severely damaged.
The wretched star glows turbulently.
The orb of energy hits you!
You die...

. ### #
#.#### ..#
#@*#.# ..
###.###.##
#. #.....#
##.####..
### ..#
##.. .#


You could see a wretched star.

Vanquished Creatures
  A hill giant (D:8)
  2 komodo dragons (D:10)
  Prince Ribbit (D:5)
  2 yaks (D:9)
  A hill giant zombie (D:10)
  A hippogriff (D:9)
  A hungry ghost (D:10)
  A mottled dragon (D:10)
  2 orc warriors
  3 black bears
  A necrophage (D:9)
  3 sky beasts
  6 ogres
  3 phantoms
  3 centaurs
  3 big kobolds (D:9)
  Blork the orc (D:8)
  7 giant frogs
  A scorpion (D:11)
  A water moccasin skeleton (D:8)
  10 killer bees
  4 crimson imps
  2 centaur zombies
  A goliath beetle (D:8)
  5 jellies
  3 hounds
  A giant frog skeleton (D:10)
  6 orc priests
  4 orc wizards
  A gnoll shaman (D:9)
  7 iguanas
  A killer bee zombie (D:6)
  2 sheep (D:9)
  7 worker ants
  7 ogre zombies (D:10)
  A hound skeleton (D:8)
  11 adders
  6 gnolls (D:9)
  2 giant mites
  2 shadow imps
  2 worms
  An adder skeleton (D:5)
  4 giant geckos
  30 orcs
  A ball python (D:3)
  7 bats
  6 giant cockroaches
  13 hobgoblins
  9 kobolds
  A quokka (D:2)
  6 giant newts
  12 goblins
  3 goblin skeletons (D:10)
  4 goblin zombies (D:10)
  2 hobgoblin skeletons (D:10)
  2 hobgoblin zombies (D:10)
  10 jackals
  A jackal zombie (D:9)
  2 orc skeletons (D:10)
  12 orc zombies (D:10)
  A quokka skeleton (D:7)
  19 rats
275 creatures vanquished.

Vanquished Creatures (others)
  A giant spore (D:11)
1 creature vanquished.

Grand Total: 276 creatures vanquished

Notes
Turn   | Place    | Note
--------------------------------------------------------------
     0 | D:1      | Gulcasa, the Troll Berserker, began the quest for the Orb.
     0 | D:1      | Reached XP level 1. HP: 22/22 MP: 1/1
   164 | D:1      | Reached XP level 2. HP: 29/29 MP: 1/1
   448 | D:1      | Acquired Trog's second power
   896 | D:2      | Found a bloodstained altar of Trog.
  1037 | D:2      | Reached XP level 3. HP: 36/36 MP: 2/2
  1264 | D:3      | Found a sacrificial altar of Ru.
  1274 | D:3      | Reached skill level 4 in Unarmed Combat
  1669 | D:3      | Found an opulent altar of Gozag.
  2058 | D:3      | Found a shimmering altar of Xom.
  2062 | D:3      | Found a sacrificial altar of Ru.
  2069 | D:3      | Found a snail-covered altar of Cheibriados.
  2141 | D:4      | Reached XP level 4. HP: 41/45 MP: 2/2
  2367 | D:4      | Found a shattered altar of Ashenzari.
  2423 | D:4      | Reached XP level 5. HP: 53/53 MP: 2/2
  2488 | D:4      | Reached skill level 5 in Unarmed Combat
  3142 | D:5      | Entered Level 5 of the Dungeon
  3246 | D:5      | Noticed an ogre
  3254 | D:5      | Killed an ogre
  3254 | D:5      | Reached skill level 6 in Unarmed Combat
  3254 | D:5      | Reached XP level 6. HP: 41/62 MP: 3/3
  3310 | D:5      | Acquired Trog's third power
  3397 | D:5      | Found a blossoming altar of Fedhas.
  3417 | D:5      | Found an ancient bone altar of Kikubaaqudgha.
  3495 | D:5      | Found a staircase to the Ecumenical Temple.
  3522 | D:5      | Noticed a sky beast
  3533 | D:5      | Killed a sky beast
  3534 | D:5      | Noticed Prince Ribbit
  3551 | D:5      | Killed Prince Ribbit
  3551 | D:5      | Reached skill level 7 in Unarmed Combat
  3551 | D:5      | Reached XP level 7. HP: 69/71 MP: 3/3
  4051 | D:6      | Reached skill level 8 in Unarmed Combat
  4053 | D:6      | Reached skill level 5 in Fighting
  4056 | D:6      | Found a radiant altar of Vehumet.
  4057 | D:6      | Found a burning altar of Makhleb.
  4063 | D:6      | Reached XP level 8. HP: 74/80 MP: 3/3
  4451 | D:7      | Reached skill level 9 in Unarmed Combat
  4734 | D:7      | Reached skill level 10 in Unarmed Combat
  4808 | D:7      | Reached XP level 9. HP: 89/89 MP: 4/4
  5050 | D:8      | Received a gift from Trog
  5232 | D:8      | Found a stormy altar of Qazlal.
  5309 | D:8      | Noticed Blork the orc
  5332 | D:8      | Killed Blork the orc
  5428 | D:8      | Found a white marble altar of Elyvilon.
  5428 | D:8      | Found a basalt altar of Yredelemnul.
  5692 | D:8      | Noticed a hill giant
  5701 | D:8      | Killed a hill giant
  5701 | D:8      | Reached skill level 11 in Unarmed Combat
  6338 | D:9      | Received a gift from Trog
  6645 | D:9      | Reached XP level 10. HP: 102/102 MP: 4/4
  6696 | D:9      | Reached skill level 12 in Unarmed Combat
  6762 | D:9      | Noticed a three-headed hydra
  6813 | D:10     | Entered Level 10 of the Dungeon
  7090 | D:10     | Found a staircase to the Orcish Mines.
  7578 | D:10     | Reached skill level 13 in Unarmed Combat
  7782 | D:10     | Received a gift from Trog
  7817 | D:10     | Found a staircase to the Lair.
  7954 | D:11     | Noticed Sonja
  8153 | D:11     | Cast into the Abyss (Sonja)
  8157 | Abyss:1  | Found a corrupted altar of Lugonu.
  8181 | Abyss:1  | Noticed a wretched star
  8190 | Abyss:1  | HP: 5/106 [wretched star/orb of energy (25)]
  8199 | Abyss:1  | Killed from afar by a wretched star

Action                   |  1- 3 |  4- 6 |  7- 9 | 10-12 || total
-------------------------+-------+-------+-------+-------++-------
Melee: Unarmed           |   121 |   133 |   274 |   206 ||   734
Throw: Javelin           |       |       |       |     4 ||     4
Invok: Trog's Hand       |       |     1 |     1 |     3 ||     5
       Berserk           |       |       |     1 |     2 ||     3
Evoke: Wand              |       |       |       |     2 ||     2
  Use: Scroll            |     5 |       |    17 |     3 ||    25
       Potion            |       |       |     1 |     5 ||     6
 Stab: Sleeping          |     1 |       |     1 |     4 ||     6
  Eat: Chunk             |    17 |    18 |    30 |    16 ||    81
       Fruit             |       |       |       |     3 ||     3
